Map: Dash and Terminal LE (Void)

Players

Rainbow

  • Race: Protoss Protoss
  • League: Master

ganahal - Winner!

  • Race: Terran Terran
  • League: Diamond

VOD

Have the link to the VOD?

Description

Time

  • Played on: Oct. 19, 2015, 6:20 a.m.
  • Length: 12:59
Show
View Real Time Build Order
Export as new Build Order

Rainbow Protoss 

Build Orders:  

Get SALT Encoding   

  12  0:02  Probe (Chrono Boost)  
  13  0:13  Probe (Chrono Boost)  
  14  0:19  Pylon  
  14  0:23  Probe (Chrono Boost)  
  15  0:38  Probe (Chrono Boost)  
  16  0:44  Gateway  
  16  0:48  Probe (Chrono Boost)  
  17  0:55  Assimilator  
  17  0:59  Probe (Chrono Boost)  
  18  1:09  Probe (Chrono Boost)  
  19  1:20  Probe (Chrono Boost)  
  19  1:22  Pylon  
  20  1:30  Probe (Chrono Boost)  
  21  1:33  Cybernetics Core  
  21  1:41  Probe (Chrono Boost)  
  22  1:51  Probe (Chrono Boost)  
  23  1:57  Nexus  
  23  2:03  Assimilator  
  23  2:04  Probe (Chrono Boost)  
  24  2:11  Warp Gate  
  24  2:17  Mothership Core (Chrono Boost)  
  24  2:22  Pylon  
  26  2:28  Adept  
  28  2:35  Probe (Chrono Boost)  
  29  2:45  Probe (Chrono Boost)  
  30  2:56  Probe (Chrono Boost), Pylon  
  31  3:04  Stargate  
  30  3:06  Probe (Chrono Boost)  
  30  3:09  Pylon  
  30  3:11  Adept  
  33  3:15  Probe (Chrono Boost)  
  33  3:17  Probe (Chrono Boost)  
  35  3:27  Probe (Chrono Boost), Pylon  
  36  3:36  Probe (Chrono Boost)  
  36  3:38  Probe (Chrono Boost)  
  36  3:40  Pylon  
  38  3:41  Pylon  
  38  3:50  Probe (Chrono Boost)  
  38  3:53  Probe (Chrono Boost)  
  38  4:00  Probe (Chrono Boost)  
  38  4:01  Mothership Core (Chrono Boost)  
  35  4:05  Phoenix (Chrono Boost)  
  37  4:13  Probe  
  37  4:15  Gateway  
  35  4:17  Gateway  
  35  4:30  Probe  
  34  4:33  Phoenix (Chrono Boost)  
  36  4:40  Stalker  
  36  4:41  Probe  
  36  4:43  Mothership Core  
  41  4:56  Probe  
  41  4:58  Phoenix (Chrono Boost)  
  44  5:06  Probe  
  45  5:07  Probe  
  46  5:17  Probe  
  46  5:18  Probe  
  48  5:22  Pylon  
  48  5:25  Pylon  
  48  5:28  Probe, Phoenix (Chrono Boost)  
  50  5:30  Probe  
  52  5:37  Pylon  
  52  5:38  Probe  
  53  5:48  Probe  
  54  5:50  Pylon  
  54  5:52  Stalker x3  
  60  6:07  Probe  
  59  6:14  Gateway  
  59  6:18  Twilight Council  
  59  6:20  Probe, Pylon  
  59  6:21  Assimilator  
  59  6:22  Gateway  
  59  6:23  Probe, Assimilator  
  59  6:24  Pylon  
  61  6:32  Probe  
  62  6:33  Probe  
  62  6:36  Phoenix (Chrono Boost)  
  65  6:40  Robotics Facility  
  66  6:47  Probe  
  66  6:53  Probe  
  66  6:56  Blink (Chrono Boost)  
  67  7:03  Probe  
  66  7:10  Probe  
  67  7:25  Nexus  
  67  7:29  Pylon  
  67  7:30  Probe  
  67  7:34  Pylon  
  67  7:35  Forge  
  68  7:37  Forge  
  68  7:38  Probe  
  68  7:39  Pylon  
  68  7:41  Sentry  
  68  7:42  Sentry, Probe  
  74  7:45  Observer (Chrono Boost)  
  74  7:48  Void Ray  
  74  7:51  Probe  
  80  7:59  Probe  
  80  8:01  Probe  
  80  8:03  Immortal (Chrono Boost)  
  80  8:04  Stalker x2  
  80  8:05  Stalker  
  92  8:10  Stalker x2  
  96  8:13  Probe  
  96  8:17  Probe  
  98  8:21  Photon Cannon  
  98  8:30  Probe  
  99  8:39  Probe  
  98  8:41  Warp Prism  
  98  8:46  Stalker x3  
  98  8:47  Stalker  
  106  8:51  Probe x2  
  106  8:52  Pylon  
  106  8:53  Assimilator  
  108  8:59  Assimilator  
  108  9:05  Pylon  
  108  9:07  Stalker  
  110  9:11  Stalker  
  110  9:12  Stalker x2  
  116  9:20  Stalker  
  106  9:37  Stalker  
  106  9:38  Stalker x3  
  100  9:43  Probe  
  100  9:45  Probe  
  100  9:51  Stalker  
  102  9:52  Probe  
  102  9:56  Charge (Chrono Boost)  
  102  9:58  Probe  
  104  10:05  Protoss Ground Weapons Level 1 (Chrono Boost)  
  104  10:06  Void Ray  
  108  10:12  Protoss Ground Armor Level 1 (Chrono Boost)  
  103  10:23  Probe x2  
  105  10:29  Gateway  
  105  10:32  Gateway x2  
  105  10:33  Zealot x5  
  105  10:35  Gateway  
  115  10:37  Pylon  
  115  10:47  Photon Cannon  
  115  10:48  Void Ray  
  119  10:52  Probe, Photon Cannon  
  120  11:03  Immortal  
  124  11:05  Pylon  
  124  11:08  Nexus  
  124  11:11  Pylon  
  124  11:12  Templar Archives  
  124  11:16  Stargate  
  124  11:18  Pylon  
  124  11:19  Zealot x3  
  82  11:47  Zealot x6  
  82  11:48  Zealot  
  82  11:52  Mothership Core  
  81  12:10  High Templar x4  
  81  12:14  Gateway  
  89  12:16  Gateway, Archon x2  
  89  12:19  Gateway  
  73  12:26  High Templar  
  64  12:41  Probe  
  55  12:48  Zealot x4  
Show
View Real Time Build Order
Export as new Build Order

ganahal Terran - Winner!

Build Orders: Cyclone Opening, MMM Bio 

Get SALT Encoding   

  12  0:01  SCV  
  13  0:13  SCV  
  14  0:17  Supply Depot  
  14  0:25  SCV  
  15  0:39  SCV  
  15  0:41  Barracks  
  16  0:46  Refinery  
  16  0:49  Refinery  
  16  0:53  SCV  
  17  1:05  SCV  
  18  1:17  SCV  
  19  1:31  Orbital Command  
  19  1:33  Factory, Marine  
  20  1:43  Supply Depot  
  20  1:53  Barracks Tech Lab  
  20  1:57  SCV  
  21  2:09  SCV  
  22  2:21  SCV  
  23  2:23  Mag-Field Accelerator  
  23  2:24  Cyclone  
  23  2:27  Supply Depot  
  26  2:33  SCV  
  27  2:56  Cyclone  
  30  3:05  Command Center  
  30  3:16  SCV  
  30  3:17  Barracks Tech Lab  
  31  3:21  Supply Depot  
  31  3:29  Cyclone  
  31  3:31  SCV  
  35  4:01  Cyclone  
  38  4:09  Command Center, SCV  
  39  4:22  Stimpack, Marine  
  39  4:23  SCV  
  38  4:35  Cyclone  
  41  4:39  SCV  
  41  4:40  Marine  
  41  4:41  Supply Depot  
  43  4:49  Orbital Command  
  43  5:06  SCV  
  38  5:07  Cyclone, Marine  
  42  5:15  Engineering Bay  
  42  5:17  SCV  
  42  5:18  SCV  
  44  5:24  Orbital Command  
  44  5:30  SCV  
  45  5:36  SCV  
  44  5:47  SCV  
  45  5:54  Cyclone  
  45  5:55  SCV  
  48  5:57  SCV, Missile Turret  
  48  5:59  SCV  
  44  6:07  SCV  
  44  6:10  SCV  
  46  6:20  SCV  
  47  6:28  SCV  
  47  6:31  Combat Shields, Marauder  
  46  6:36  SCV  
  46  6:37  SCV, Barracks x2  
  46  6:38  Barracks  
  46  6:39  Refinery, Barracks  
  48  6:40  Refinery  
  48  6:41  Missile Turret  
  48  6:42  SCV  
  48  6:44  Missile Turret  
  49  6:47  Terran Infantry Weapons Level 1  
  49  6:49  SCV  
  49  6:52  Starport  
  51  6:55  SCV  
  51  6:57  Factory Tech Lab  
  51  7:01  Marauder  
  53  7:02  SCV  
  53  7:03  Bunker  
  54  7:13  SCV  
  52  7:16  Cyclone, Orbital Command  
  52  7:21  Supply Depot, Marine  
  52  7:22  SCV  
  57  7:24  Supply Depot  
  57  7:26  Marine x2  
  57  7:34  Starport Reactor  
  57  7:35  Marine  
  57  7:39  SCV x2  
  57  7:40  Marauder  
  57  7:42  SCV  
  62  7:44  Marine x2  
  62  7:50  Concussive Shells, Marauder  
  62  7:51  SCV  
  67  7:52  SCV  
  67  7:53  Missile Turret, Marine  
  67  7:54  SCV  
  69  8:01  Marine  
  69  8:02  Marine x2  
  69  8:03  SCV  
  69  8:04  SCV  
  73  8:06  SCV  
  73  8:11  Marine x2  
  73  8:12  Medivac x2  
  80  8:15  SCV  
  80  8:18  Marine  
  82  8:20  Marine  
  82  8:22  Starport  
  82  8:25  SCV  
  82  8:26  Barracks Tech Lab  
  84  8:28  SCV x2  
  84  8:29  Marine x2  
  84  8:33  Factory Tech Lab  
  88  8:37  SCV, Marauder  
  88  8:38  Marine  
  88  8:40  SCV, Liberator  
  90  8:41  Terran Infantry Armor Level 1  
  90  8:46  Marine  
  90  8:47  Marine  
  94  8:48  Marauder  
  94  8:52  Barracks  
  94  8:53  SCV, Refinery x2, Barracks x2  
  94  8:54  Command Center  
  95  8:55  Marine  
  95  8:58  Marauder  
  101  9:10  Supply Depot  
  101  9:11  Supply Depot  
  101  9:13  Marauder, Supply Depot, Viking, SCV, Marine x3  
  109  9:20  Supply Depot  
  109  9:23  Marauder  
  109  9:30  Marine x2, Liberator x2  
  103  9:31  SCV, Marine  
  103  9:34  Marauder  
  103  9:37  Liberator  
  94  9:42  SCV  
  94  9:44  Marine  
  92  9:45  Marine  
  92  9:46  Marine  
  92  9:48  Marine x2  
  92  9:49  Marine  
  103  9:55  Marine  
  107  10:01  Marine  
  107  10:03  Marine x2  
  107  10:06  Marine x2  
  107  10:07  SCV, Marine  
  112  10:12  SCV  
  112  10:13  Marine  
  116  10:19  SCV, Marine  
  118  10:21  Marine x2  
  118  10:22  Unknown  
  118  10:24  Marine, Liberator  
  121  10:28  Barracks Reactor  
  121  10:29  Barracks Tech Lab  
  121  10:30  Medivac  
  121  10:31  Armory, Marine  
  121  10:33  Engineering Bay  
  124  10:37  Marine  
  124  10:38  SCV  
  124  10:39  Marine x2  
  124  10:42  Marine  
  132  10:43  Refinery x2  
  132  10:44  Medivac  
  132  10:46  SCV  
  132  10:49  Marauder  
  137  10:50  Marine  
  137  10:54  Planetary Fortress  
  137  10:55  Marine  
  137  10:56  SCV x2  
  141  10:57  Marine x2  
  141  10:58  SCV  
  141  11:00  Marauder  
  141  11:02  Medivac  
  148  11:08  SCV, Marine x2  
  148  11:09  SCV  
  148  11:10  Marine x2  
  155  11:11  SCV  
  155  11:23  Marine  
  156  11:27  Marauder  
  156  11:28  Marine x2  
  156  11:31  Marine x2, Marauder  
  156  11:32  SCV  
  154  11:39  Marine  
  153  11:40  Marine  
  153  11:45  Liberator  
  155  11:50  Marine  
  155  11:51  Marine  
  155  11:52  Marine  
  150  12:01  Marine  
  150  12:04  Supply Depot  
  154  12:09  Supply Depot  
  154  12:14  Supply Depot  
  154  12:20  Supply Depot  
  156  12:26  Marauder, Marine x6  
Tags
 
Add a new tag
Caveats
  • Supply blocks, unpowered buildings, or Contaminate may cause inaccurate times.
  • Supply counts are checked every 10 seconds.